 Dungeon Crawl Stone Soup version 0.19-a0-1899-g2d93087 (webtiles) character file.

21 Leszczynek the Cudgeler (level 2, -1/29 HPs)
             Began as an Ogre Warper on Oct 19, 2016.
             Killed from afar by an orc wizard (8 damage)
             ... with a magic dart
             ... on level 4 of the Dungeon.
             The game lasted 00:03:11 (735 turns).

Leszczynek the Cudgeler (Ogre Warper)                Turns: 735, Time: 00:03:14

Health: -1/29      AC:  3    Str: 20    XL:     2   Next: 83%
Magic:  5/5        EV: 10    Int: 12    God:
Gold:   64         SH:  0    Dex:  9    Spells: 0 memorised, 5 levels left

rFire  . . .     SeeInvis .     a - +0 mace
rCold  . . .     Gourm    .     b - +0 robe
rNeg   . . .     Faith    .     (no shield)
rPois  .         Spirit   .     (helmet restricted)
rElec  .         Reflect  .     (no cloak)
rCorr  .         Harm     .     (gloves unavailable)
MR     .....                    (boots unavailable)
Stlth  +.........               (no amulet)
                                (no ring)
                                (no ring)

@: mighty
A: unfitting armour, tough skin 1
a: no special abilities


You were on level 4 of the Dungeon.
You were not hungry.

You visited 2 branches of the dungeon, and saw 6 of its levels.

You collected 64 gold pieces.

Inventory:

Hand Weapons
 a - a +0 mace (weapon)
Missiles
 e - 5 tomahawks of dispersal (quivered)
Armour
 b - a +0 robe (worn)
Wands
 m - a wand of digging (8/24)
Scrolls
 f - 2 scrolls of blinking
 h - a scroll of amnesia {unknown}
 k - a scroll of identify {unknown}
Potions
 i - a potion of heal wounds {unknown}
 l - a potion of agility {unknown}
Books
 c - a book of Spatial Translocations

   Spells                             Type                      Level
   a - Blink                          Translocation                2
   b - Shroud of Golubria             Charms/Translocation         2
   c - Lesser Beckoning               Translocation                3
   d - Portal Projectile              Translocation                3
   e - Teleport Other                 Translocation                3
   f - Passage of Golubria            Translocation                4
Comestibles
 d - a bread ration
 g - 3 chunks of flesh


   Skills:
 - Level 2.6 Fighting
 + Level 4.3 Maces & Flails
 - Level 1.0 Throwing
 - Level 2.1 Dodging
 - Level 2.4 Spellcasting
   Level 2.1 Translocations


You had 5 spell levels left.
You didn't know any spells.

Dungeon Overview and Level Annotations

Branches:
Dungeon (5/15)             Temple (1/1) D:4

Altars:
Cheibriados
Dithmenos
Elyvilon
Gozag
Hepliaklqana
Kikubaaqudgha
Makhleb
Nemelex Xobeh
Qazlal
Ru
Zin
The Shining One


Innate Abilities, Weirdness & Mutations

You are too large for most types of armour.
You have tough skin. (AC +1)


Message History

The orc wizard seems to speed up.
The orc wizard gestures wildly while chanting.
The orc wizard blinks!
The orc wizard hits you with a dagger.
You barely miss the orc wizard.
The orc wizard hits you with a dagger. x2
You barely miss the orc wizard. The orc wizard hits you with a dagger.
The orc wizard closely misses you.
You closely miss the orc wizard. The orc wizard barely misses you.
You hit the orc wizard.
The orc wizard is lightly wounded.
The orc wizard hits you with a dagger. The orc wizard casts a spell at you.
The magic dart hits you!
It was a potion of might.
You feel very mighty all of a sudden. The orc wizard hits you with a dagger.
* * * LOW HITPOINT WARNING * * *
The orc wizard casts a spell at you. The magic dart hits you!
You die...

# ... .o .. #.
....#.#..###
#.##.#.........#
#.......... ...
#.####.####..
#.##.....##.# ####
#.#.......#.###....
#.#.......#.....#
#.@o.._........####
#.#.......#........
#.#.......#....###.
#.##.....##....#
#.####.####...##
#...........#.# #
##.(#.#>..###.##.#.
#.#.##..#.........
#.......#.##.##.#.


You could see an orc wizard.

Vanquished Creatures
  A leopard gecko (D:4)
  3 giant cockroaches
  2 goblins (D:1)
  3 hobgoblins
  A quokka (D:2)
  3 ball pythons
  A bat (D:1)
  A frilled lizard (D:1)
  2 kobolds (D:2)
  A rat (D:3)
18 creatures vanquished.

Notes
Turn   | Place    | Note
-------+----------+-------------------------------------------
     0 | D:1      | Leszczynek the Ogre Warper began the quest for the Orb.
     0 | D:1      | Reached XP level 1. HP: 22/22 MP: 3/3
    49 | D:1      | Reached skill level 3 in Maces & Flails
   219 | D:1      | Reached XP level 2. HP: 6/29 MP: 5/5
   491 | D:2      | Reached skill level 4 in Maces & Flails
   567 | D:4      | Found a sacrificial altar of Ru.
   585 | D:5      | Entered Level 5 of the Dungeon
   620 | D:5      | Noticed a sky beast
   649 | D:4      | Found a staircase to the Ecumenical Temple.
   658 | Temple   | Entered the Ecumenical Temple
   735 | D:4      | Killed from afar by an orc wizard

Vault maps used:
D:1:      dpeg_arrival_boxes_within_box, minivault_4
D:2:      nicolae_overflow_hidden_temple, lemuel_coloured_pillars_altar,
          uniq_crazy_yiuf_cottage
D:3:      minmay_door_path, marbit_many_paths, ashenzari_altar_1,
          minmay_misc_feat_square, hex_tiny, uniq_iyjb
D:4:      kennysheep_big_flooded_room, old_standard_altar, old_standard_altar,
          old_standard_altar, serial_co_window_serial, co_window_paths_a,
          co_window_of_opportunity_a, co_window_corner_a, co_window_paths_b,
          co_window_paths_b, co_window_of_opportunity_c, co_window_cross_4,
          co_window_broadway_c, glass_columns_a, glass_columns_c,
          glass_columns_a
D:5:      overflow_temple_1_default, first_bread
Temple:   minmay_temple_bridge_abc

Skill      XL: |  1  2 |
---------------+-------+-----
Maces & Flails | 3 4 |  4.3
Fighting       | |  2.6
Throwing       | |  1.0
Dodging        | |  2.1
Spellcasting   | |  2.4
Translocations | |  2.1

Action                   || total
-------------------------++-------
Melee: Mace              ||    62
  Use: Potion            ||     1
 Stab: Sleeping          ||     1
Armor: Robe              ||    19
Dodge: Dodged            ||    37
